Map: Cerulean Fall LE

Players

LiquidMaNa (MaNa)

  • Race: Protoss Protoss
  • League: Master
  • Spawn Location: 7:00

Zest - Winner!

  • Race: Protoss Protoss
  • League: Master
  • Spawn Location: 1:00

Event: HomeStory Cup XVIII

VOD

Have the link to the VOD?

Description

Time

  • Played on: Nov. 23, 2018, 11:19 a.m.
  • Length: 7:26

All games in this series

Show
View Real Time Build Order
Export as new Build Order

LiquidMaNa Protoss 

Build Orders: Blink Stalkers 

Get SALT Encoding   

  12  0:00  Probe  
  13  0:13  Probe  
  14  0:17  Pylon  
  14  0:23  Probe  
  15  0:31  Probe  
  15  0:38  Gateway  
  15  0:40  Probe  
  16  0:46  Assimilator  
  17  0:50  Probe  
  17  0:55  Assimilator  
  18  0:58  Probe  
  19  1:07  Probe  
  19  1:08  Gateway  
  20  1:18  Probe  
  21  1:26  Cybernetics Core  
  21  1:30  Probe  
  22  1:35  Pylon  
  22  1:42  Probe  
  23  1:54  Sentry, Probe  
  24  2:02  Stalker  
  24  2:03  Warp Gate  
  24  2:06  Probe  
  29  2:14  Pylon  
  29  2:19  Stalker  
  31  2:32  Stalker  
  33  2:54  Nexus  
  33  3:02  Stalker  
  35  3:07  Pylon  
  35  3:11  Probe  
  36  3:23  Probe  
  37  3:28  Twilight Council  
  37  3:35  Probe  
  38  3:44  Shield Battery  
  38  3:47  Probe  
  39  3:56  Blink  
  39  4:00  Probe  
  40  4:06  Probe, Stalker x2  
  40  4:08  Probe  
  45  4:14  Probe  
  45  4:17  Probe  
  46  4:23  Probe  
  46  4:27  Probe  
  46  4:31  Robotics Facility  
  48  4:34  Sentry x2  
  48  4:36  Probe  
  53  4:41  Shield Battery  
  53  4:44  Probe  
  52  4:50  Probe  
  48  4:57  Adept x2  
  48  4:58  Probe  
  53  5:02  Probe  
  54  5:07  Warp Prism  
  54  5:10  Probe  
  55  5:14  Probe  
  55  5:17  Pylon  
  58  5:22  Probe  
  58  5:27  Probe  
  56  5:34  Probe  
  56  5:39  Probe  
  57  5:48  Stalker x2  
  57  5:53  Gateway  
  57  6:01  Gateway  
  57  6:04  Gateway  
  57  6:13  Stalker x2  
  57  6:15  Observer  
  62  6:22  Probe x2  
  41  6:52  Stalker x3  
  41  6:53  Probe x2  
  43  7:05  Probe x2  
  43  7:06  Sentry x2  
Show
View Real Time Build Order
Export as new Build Order

Zest Protoss - Winner!

Build Orders: Oracle Opening, Phoenix Opening 

Get SALT Encoding   

  12  0:00  Probe  
  13  0:13  Probe  
  14  0:18  Pylon  
  14  0:24  Probe  
  15  0:32  Probe  
  15  0:37  Gateway  
  15  0:40  Probe  
  16  0:47  Assimilator  
  17  0:51  Probe  
  17  0:55  Assimilator  
  18  1:00  Probe  
  19  1:08  Gateway, Probe  
  19  1:17  Probe  
  20  1:24  Cybernetics Core  
  21  1:29  Probe  
  22  1:36  Pylon  
  22  1:41  Probe  
  24  1:54  Probe  
  24  2:01  Sentry, Stalker  
  28  2:02  Warp Gate  
  28  2:11  Pylon  
  28  2:27  Stargate  
  28  2:34  Phoenix  
  28  2:44  Nexus  
  28  2:46  Probe  
  29  2:59  Probe  
  30  3:11  Probe  
  33  3:13  Pylon  
  33  3:15  Oracle  
  33  3:23  Probe  
  35  3:35  Probe  
  35  3:36  Robotics Facility  
  36  3:43  Oracle  
  36  3:47  Probe  
  37  3:53  Probe  
  40  3:59  Probe  
  40  4:00  Forge  
  40  4:01  Probe  
  42  4:06  Adept  
  42  4:07  Adept  
  47  4:10  Probe  
  47  4:11  Probe  
  49  4:17  Immortal  
  49  4:22  Protoss Ground Weapons Level 1, Probe  
  49  4:23  Probe  
  55  4:37  Probe x2  
  57  4:49  Probe  
  54  4:53  Probe  
  54  4:55  Pylon  
  54  4:56  Assimilator, Immortal  
  54  4:58  Assimilator  
  59  5:01  Probe  
  59  5:05  Probe  
  61  5:13  Probe  
  62  5:14  Pylon  
  62  5:16  Gateway  
  62  5:17  Gateway  
  62  5:18  Probe  
  63  5:25  Probe  
  64  5:30  Probe  
  68  5:35  Immortal  
  68  5:37  Adept x2  
  68  5:41  Probe  
  68  5:42  Probe  
  69  5:54  Probe x2  
  69  5:56  Twilight Council  
  71  6:03  Gateway x2  
  71  6:14  Pylon  
  71  6:15  Immortal  
  75  6:25  Adept  
  77  6:29  Pylon  
  77  6:33  Pylon  
  72  6:48  Zealot x2  
  72  7:08  Pylon  
  72  7:12  Stalker  
  72  7:14  Pylon  
Tags
 
Add a new tag
Caveats
  • Supply blocks, unpowered buildings, or Contaminate may cause inaccurate times.
  • Supply counts are checked every 10 seconds.